Map: [ESL] Site Delta

Players

ByuN - Winner!

  • Race: Terran Terran
  • Spawn Location: 11:00

DKZherO (herO)

  • Race: Protoss Protoss
  • League: Grandmaster
  • Spawn Location: 5:00

VOD

Have the link to the VOD?

Description

Time

  • Played on: Nov. 28, 2023, 8:28 a.m.
  • Length: 16:23
Show
View Real Time Build Order
Export as new Build Order

ByuN Terran - Winner!

Build Orders: Cyclone Opening 

Get SALT Encoding   

  12  0:00  SCV  
  13  0:12  SCV  
  14  0:17  Supply Depot  
  14  0:24  SCV  
  15  0:38  SCV  
  15  0:40  Barracks  
  16  0:45  Refinery  
  16  0:51  SCV  
  16  0:54  Refinery  
  17  1:03  SCV  
  18  1:15  SCV  
  19  1:27  Orbital Command, Reaper  
  20  1:42  Factory  
  20  1:49  Supply Depot  
  20  1:53  SCV  
  21  1:59  Reaper  
  22  2:05  SCV  
  23  2:17  SCV  
  24  2:25  Command Center  
  24  2:29  Cyclone  
  26  2:33  SCV  
  27  2:39  Supply Depot  
  27  2:45  SCV  
  28  2:51  Starport  
  28  2:57  SCV  
  29  3:04  Factory Reactor  
  28  3:09  SCV  
  29  3:21  SCV  
  30  3:33  SCV  
  30  3:34  Medivac  
  33  3:39  Orbital Command  
  32  3:42  Cyclone x2  
  32  3:45  SCV  
  37  3:49  Barracks Tech Lab  
  37  3:53  Command Center  
  37  3:57  SCV  
  38  4:04  Viking  
  38  4:08  SCV  
  38  4:09  SCV  
  42  4:11  Supply Depot  
  42  4:20  SCV  
  42  4:21  SCV  
  42  4:22  Marine  
  42  4:23  Marine, Siege Tank  
  49  4:30  Supply Depot  
  49  4:32  SCV  
  49  4:34  SCV, Starport Tech Lab  
  51  4:40  Marine x2  
  51  4:44  SCV  
  54  4:46  SCV  
  55  4:52  Bunker  
  55  4:56  SCV  
  55  4:58  Marine x2, SCV  
  59  5:00  Barracks x2  
  59  5:08  Supply Depot, SCV  
  59  5:10  SCV  
  61  5:19  Orbital Command  
  61  5:21  Engineering Bay  
  61  5:23  Engineering Bay  
  61  5:24  Supply Depot  
  61  5:25  SCV x2, Refinery  
  61  5:27  Stimpack  
  63  5:29  Marine  
  63  5:30  Starport Reactor  
  63  5:31  Factory Reactor  
  64  5:43  SCV  
  64  5:44  SCV  
  64  5:47  Terran Infantry Weapons Level 1  
  64  5:49  Terran Infantry Armor Level 1  
  66  5:50  Barracks x2  
  66  5:54  Marine x2, Refinery  
  66  5:56  SCV x2  
  70  5:57  SCV  
  70  6:00  Marine x2  
  73  6:07  Missile Turret  
  73  6:09  SCV x2  
  75  6:13  Orbital Command  
  75  6:15  Marauder x2  
  75  6:17  Marine  
  80  6:18  Marine  
  80  6:21  SCV x2  
  83  6:26  Supply Depot  
  83  6:27  Missile Turret  
  83  6:28  Supply Depot  
  83  6:34  SCV x2  
  83  6:35  Marine  
  83  6:37  Marauder x2  
  90  6:41  Medivac  
  90  6:42  Barracks Tech Lab, Barracks Reactor  
  90  6:44  SCV  
  90  6:46  Missile Turret, SCV  
  94  6:49  SCV  
  94  6:55  Marine x2, Combat Shield  
  94  6:56  SCV  
  94  6:58  SCV  
  98  7:01  SCV  
  98  7:02  Supply Depot  
  98  7:04  Marauder  
  98  7:06  Marauder  
  98  7:07  Concussive Shells  
  103  7:09  Marauder  
  103  7:12  SCV x2  
  103  7:14  SCV  
  108  7:17  Armory  
  108  7:20  Missile Turret  
  108  7:22  Supply Depot  
  108  7:24  SCV x2  
  108  7:26  SCV  
  108  7:29  Supply Depot, Medivac  
  113  7:30  Medivac  
  113  7:36  Marauder x3  
  121  7:38  Marine  
  121  7:39  Marine x3  
  121  7:44  SCV x3  
  128  7:45  Refinery  
  128  7:46  Supply Depot  
  128  7:53  Widow Mine x2  
  128  7:55  Refinery  
  132  7:59  SCV x2  
  132  8:00  SCV  
  132  8:01  Ghost Academy  
  132  8:03  Supply Depot  
  141  8:05  Marauder x2  
  141  8:06  Marauder  
  141  8:09  Marine x3  
  141  8:10  Marine  
  145  8:20  Widow Mine x2  
  145  8:24  Medivac x2  
  152  8:28  Terran Infantry Armor Level 2, Terran Infantry Weapons Level 2  
  152  8:34  Ghost  
  151  8:39  Ghost  
  155  8:42  Marine x2  
  155  8:47  Marine x2, Ghost  
  161  8:51  Command Center  
  161  8:53  Supply Depot  
  161  8:54  Supply Depot x2  
  161  8:55  SCV  
  161  8:56  SCV x2  
  163  9:04  Marauder  
  165  9:13  Marine x2  
  165  9:14  Marine x2  
  165  9:15  Marauder, Widow Mine x2  
  165  9:16  Marauder  
  175  9:18  Barracks  
  175  9:19  Barracks  
  175  9:20  Barracks  
  175  9:21  SCV x3  
  178  9:25  Supply Depot  
  178  9:32  Ghost  
  178  9:35  Ghost  
  178  9:37  Ghost  
  178  9:38  Missile Turret  
  182  9:41  Sensor Tower  
  182  9:43  SCV x3  
  185  9:50  Missile Turret  
  185  9:58  Starport  
  185  10:01  Marine, Ghost  
  185  10:03  Missile Turret, Planetary Fortress  
  185  10:04  Ghost, Factory Reactor  
  185  10:05  Ghost  
  192  10:09  SCV x3  
  192  10:13  Sensor Tower  
  190  10:28  Barracks Tech Lab, Barracks Reactor  
  190  10:29  Barracks Tech Lab  
  190  10:30  Marauder  
  190  10:33  Marauder  
  190  10:35  Marauder  
  196  10:38  Refinery  
  196  10:39  Command Center, Refinery  
  196  10:42  Marine x4  
  199  10:48  Fusion Core  
  200  10:51  Marauder  
  200  10:55  Marauder  
  200  10:56  Marauder  
  185  10:58  Marauder  
  185  11:03  Marauder  
  185  11:04  Marine x2  
  163  11:05  Marine  
  163  11:06  Marine x2  
  163  11:09  Marine  
  142  11:12  Widow Mine x2  
  142  11:13  Marauder  
  142  11:14  Liberator x4  
  142  11:15  Marine  
  153  11:23  Marine x5  
  153  11:24  Marine x3  
  159  11:27  Marine  
  159  11:30  Terran Infantry Weapons Level 3  
  159  11:32  SCV x3  
  161  11:33  Marine  
  161  11:34  Marine  
  163  11:41  Marine x6  
  163  11:42  Marine x2  
  163  11:44  SCV  
  163  11:45  Marine  
  173  11:47  Widow Mine x2  
  173  11:51  Marine x2  
  179  11:57  Medivac x4  
  187  12:01  Marine  
  187  12:02  Missile Turret, Marine x8  
  196  12:09  Marine x2  
  196  12:13  Terran Infantry Armor Level 3  
  198  12:19  Marine  
  186  12:27  Marine x3, Liberator x4  
  186  12:28  Marine x2  
  167  12:30  Marine x2  
  167  12:34  Marine x3  
  150  12:37  Marine  
  150  12:38  Widow Mine x2  
  150  12:43  Orbital Command, Missile Turret  
  155  12:49  Marine x4  
  159  12:54  Marine x4  
  159  12:56  Marine x2  
  159  12:57  Marine, Missile Turret  
  166  13:06  Marine  
  166  13:07  Marine x3  
  166  13:10  Liberator x2  
  157  13:13  Marine  
  157  13:16  Marine  
  157  13:17  Marine  
  157  13:18  Marine x2, Ghost x2  
  155  13:24  Marine  
  155  13:25  Marine  
  142  13:27  Marine  
  142  13:28  Marine  
  142  13:30  Marine  
  142  13:32  SCV x2  
  115  13:34  Marine, Ghost  
  115  13:35  Ghost x2  
  109  13:42  Marine x2  
  109  13:44  Medivac  
  109  13:45  Marine x2, Medivac  
  109  13:47  Marine x2  
  120  13:48  Marine, SCV x3  
  120  13:52  SCV  
  120  13:53  SCV  
  125  13:56  Medivac x2  
  125  14:02  Marine x3  
  132  14:03  Marine x3  
  132  14:04  Marine x3, Widow Mine  
  132  14:06  Widow Mine  
  132  14:09  SCV  
  144  14:10  SCV x3  
  144  14:13  Marine x2  
  144  14:14  Medivac  
  150  14:18  Missile Turret  
  150  14:20  Marine x3  
  150  14:21  Marine x3  
  150  14:22  Marine x3  
  159  14:26  Widow Mine  
  159  14:27  Medivac  
  159  14:31  Marine x2  
  162  14:38  Marine x4  
  145  14:39  Marine x2  
  145  14:40  Marine x3, Widow Mine  
  145  14:41  Liberator x2  
  145  14:44  Liberator  
  162  14:47  Widow Mine  
  162  14:48  Marine  
  162  14:49  Marine  
  166  14:55  Marine  
  166  14:56  Marine x4  
  166  14:57  Marine x3  
  166  14:58  Marine  
  175  15:01  Widow Mine  
  175  15:06  Marine  
  175  15:07  Marine  
  161  15:08  Widow Mine  
  161  15:13  Marine x3  
  161  15:14  Marine x2, Medivac  
  157  15:15  Marine x3  
  157  15:16  Marine  
  160  15:22  SCV x2  
  160  15:24  Marine x2, Medivac  
  160  15:31  Marine x3  
  160  15:32  Marine x3  
  160  15:33  Marine x2  
  160  15:34  Marine  
  169  15:39  SCV x3  
  169  15:40  SCV  
  169  15:42  Marine x2  
  174  15:49  Marine x3  
  178  15:50  Marine, Marauder  
  178  15:51  Marauder x2  
  178  15:52  Marine, Marauder  
  188  16:00  Marine  
Show
View Real Time Build Order
Export as new Build Order

DKZherO Protoss 

Build Orders: 1 Gate Expand, Oracle Opening, Phoenix Opening, Carriers, Colossus Rush 

Get SALT Encoding   

  12  0:00  Probe  
  13  0:12  Probe  
  14  0:17  Pylon  
  14  0:24  Probe  
  15  0:36  Gateway, Probe (Chrono Boost)  
  15  0:42  Assimilator  
  16  0:48  Probe (Chrono Boost)  
  17  0:53  Probe (Chrono Boost)  
  18  1:03  Probe  
  19  1:15  Probe  
  20  1:23  Cybernetics Core  
  20  1:32  Nexus  
  20  1:39  Pylon  
  20  1:41  Probe  
  21  1:47  Assimilator  
  21  1:53  Probe  
  22  1:56  Adept (Chrono Boost)  
  24  2:05  Probe  
  25  2:16  Stargate  
  25  2:18  Probe  
  26  2:23  Adept (Chrono Boost)  
  28  2:34  Warp Gate  
  28  2:35  Probe  
  29  2:48  Probe  
  29  2:49  Adept (Chrono Boost)  
  30  3:01  Probe x2 (Chrono Boost)  
  30  3:04  Oracle (Chrono Boost)  
  35  3:13  Probe (Chrono Boost)  
  35  3:17  Pylon  
  35  3:19  Probe (Chrono Boost)  
  37  3:22  Probe (Chrono Boost)  
  37  3:26  Probe (Chrono Boost)  
  39  3:27  Probe  
  39  3:34  Phoenix  
  39  3:37  Probe  
  39  3:40  Probe  
  43  3:43  Shield Battery  
  43  3:48  Robotics Facility  
  43  3:50  Probe  
  43  3:52  Probe  
  45  4:01  Phoenix  
  47  4:05  Probe x2 (Chrono Boost), Assimilator  
  47  4:07  Assimilator  
  49  4:15  Pylon  
  49  4:17  Probe (Chrono Boost)  
  51  4:21  Probe (Chrono Boost)  
  51  4:23  Probe (Chrono Boost)  
  52  4:26  Gateway  
  52  4:28  Probe  
  52  4:31  Probe  
  54  4:39  Robotics Bay  
  54  4:40  Probe  
  54  4:43  Probe  
  54  4:44  Pylon  
  57  4:46  Observer (Chrono Boost)  
  57  4:52  Probe  
  58  4:55  Probe  
  59  5:01  Pylon  
  59  5:02  Immortal (Chrono Boost)  
  64  5:13  Nexus  
  63  5:18  Sentry  
  63  5:21  Shield Battery  
  65  5:29  Probe x2  
  65  5:31  Colossus (Chrono Boost)  
  65  5:34  Extended Thermal Lance  
  73  5:41  Probe x2  
  75  5:46  Pylon  
  75  5:48  Observer  
  75  5:52  Pylon  
  75  5:53  Probe x2  
  77  5:59  Pylon  
  77  6:04  Phoenix  
  77  6:05  Probe  
  77  6:06  Probe  
  81  6:11  Colossus (Chrono Boost)  
  81  6:13  Zealot, Sentry  
  81  6:18  Probe x2 (Chrono Boost)  
  93  6:30  Probe x2 (Chrono Boost)  
  96  6:32  Assimilator  
  96  6:33  Probe (Chrono Boost)  
  96  6:34  Assimilator  
  96  6:36  Shield Battery  
  96  6:39  Probe x2 (Chrono Boost)  
  99  6:40  Probe (Chrono Boost)  
  99  6:44  Pylon  
  99  6:45  Phoenix  
  99  6:46  Probe  
  99  6:47  Probe x2  
  104  6:58  Probe  
  104  6:59  Probe x2  
  107  7:01  Colossus (Chrono Boost)  
  107  7:03  Pylon  
  107  7:06  Fleet Beacon  
  113  7:09  Stargate  
  113  7:11  Probe  
  114  7:18  Phoenix  
  114  7:20  Zealot, Pylon  
  114  7:21  Zealot  
  120  7:23  Probe  
  120  7:24  Pylon  
  120  7:26  Shield Battery  
  120  7:29  Pylon  
  121  7:30  Protoss Air Weapons Level 1 (Chrono Boost)  
  121  7:33  Twilight Council  
  121  7:36  Pylon  
  121  7:48  Zealot  
  121  7:49  Zealot  
  125  7:51  Immortal (Chrono Boost)  
  125  7:54  Carrier (Chrono Boost)  
  135  8:00  Carrier (Chrono Boost)  
  135  8:04  Pylon  
  141  8:07  Gateway  
  141  8:08  Gateway  
  141  8:12  Charge  
  141  8:14  Gateway  
  141  8:23  Observer  
  141  8:24  Pylon, Nexus  
  141  8:26  Shield Battery  
  140  8:33  Immortal  
  144  8:36  Sentry  
  146  8:48  Carrier (Chrono Boost)  
  146  8:53  Gateway x2  
  146  8:54  Carrier (Chrono Boost)  
  158  9:06  Observer  
  158  9:10  Pylon  
  158  9:14  Templar Archives  
  158  9:17  Gateway  
  158  9:24  Gateway  
  158  9:25  Gateway  
  158  9:28  Protoss Air Weapons Level 2 (Chrono Boost), Gateway  
  158  9:29  Disruptor  
  162  9:32  Gateway  
  162  9:36  Pylon  
  162  9:38  Observer, Assimilator x2  
  162  9:42  Zealot x3  
  168  9:54  Carrier x2 (Chrono Boost)  
  177  10:07  Forge  
  177  10:08  Observer  
  177  10:09  Forge  
  171  10:18  Zealot x5, High Templar x2  
  185  10:23  Archon  
  185  10:31  Pylon, Observer (Chrono Boost)  
  185  10:40  Pylon  
  185  10:41  Protoss Ground Weapons Level 1 (Chrono Boost)  
  183  10:45  Warp Prism (Chrono Boost)  
  183  10:47  Zealot x4, High Templar x2  
  197  10:51  Protoss Ground Armor Level 1 (Chrono Boost)  
  197  10:53  Archon  
  167  11:00  Zealot  
  167  11:01  Zealot x4  
  135  11:09  Carrier (Chrono Boost)  
  131  11:21  Carrier (Chrono Boost)  
  127  11:33  High Templar x4  
  127  11:34  Zealot x2  
  127  11:38  Zealot x2  
  127  11:39  Archon  
  143  11:40  Archon  
  143  11:47  Zealot x3, Sentry  
  151  11:55  High Templar x2  
  155  12:01  Archon  
  155  12:05  Zealot x4  
  155  12:06  Zealot  
  155  12:07  High Templar  
  155  12:08  Zealot x7, High Templar  
  171  12:13  Disruptor (Chrono Boost), Archon  
  176  12:21  Zealot  
  134  12:39  High Templar  
  134  12:40  High Templar x2  
  134  12:41  High Templar  
  134  12:42  Zealot x6  
  154  12:46  Archon  
  154  12:47  Observer (Chrono Boost), Archon  
  154  12:50  Zealot  
  157  12:52  Zealot  
  159  13:04  Observer  
  146  13:19  High Templar x3  
  144  13:23  Zealot x6  
  144  13:24  Archon  
  144  13:26  Zealot  
  156  13:33  High Templar  
  144  13:39  Archon  
  132  13:49  High Templar  
  132  13:50  Zealot x4, High Templar x3  
  132  13:52  Disruptor (Chrono Boost)  
  132  13:53  Archon x2  
  152  13:59  Zealot  
  154  14:03  Zealot  
  154  14:07  High Templar  
  154  14:08  High Templar  
  160  14:12  Archon  
  160  14:13  Zealot x2, Sentry  
  165  14:21  Zealot  
  165  14:22  Observer (Chrono Boost)  
  165  14:23  Zealot  
  160  14:36  Disruptor (Chrono Boost)  
  138  14:44  High Templar  
  138  14:45  High Templar  
  146  14:47  High Templar  
  146  14:48  Zealot, High Templar  
  146  14:49  Zealot x2  
  146  14:50  Archon  
  156  14:52  Zealot  
  156  14:55  Sentry, Archon  
  156  14:57  Zealot  
  156  15:10  Colossus (Chrono Boost)  
  130  15:20  Zealot x2  
Tags
 
Add a new tag
Caveats
  • Supply blocks, unpowered buildings, or Contaminate may cause inaccurate times.
  • Supply counts are checked every 10 seconds.